 Dungeon Sprint DCSS version 0.31-a0-965-g8a8ce12e04 (webtiles) character file.

Game seed: 15859788103360400922

247 fozzywoppz the Trooper (level 5, -4/52 HPs)
             Began as a Draconian Berserker on Oct 27, 2023.
             Was an Elder of Trog.
             Slain by a yak (6 damage)
             ... in the Dungeon (Sprint IX: "|||||||||||||||||||||||||||||").
             The game lasted 00:01:18 (252 turns).

fozzywoppz the Trooper (Draconian Berserker)         Turns: 252, Time: 00:01:21

Health: -4/52      AC:  6    Str: 21    XL:     5   Next: 85%
Magic:  5/5        EV: 16    Int:  7    God:    Trog [****..]
Gold:   0          SH:  0    Dex: 14    Spells: 4/4 levels left

rFire   . .          .
                       - Unarmed
rCold   . . .        (no shield)
rNeg    . . .        (body armour unavailable)
rPois   .            (helmet restricted)
rElec   .            j - +0 cloak
rCorr   .            (no gloves)
SInv    .            (no boots)
Will    ++...        (no amulet)
Stlth   +++          k - +2 ring of evasion
HPRegen 1.28/turn    l - +3 ring of dexterity
MPRegen 0.09/turn

%: no teleportation
@: strong-willed, regenerating
A: AC +5, unfitting armour, cold-blooded
a: Renounce Religion, Berserk, Trog's Hand, Brothers in Arms


You were in the Dungeon.
You worshipped Trog.
Trog was greatly pleased with you.
You visited 1 branch

Inventory:

Hand Weapons
 i - a +2 morningstar of protection
Armour
 j - a +0 cloak (worn)
Jewellery
 k - a +2 ring of evasion (left hand)
 l - a +3 ring of dexterity (right hand)
Wands
 h - a wand of light (9)
Scrolls
 f - 2 scrolls of blinking
Potions
 a - 5 potions of curing
 b - 3 potions of heal wounds
 c - a potion of haste
 d - 4 potions of magic
 e - a potion of berserk rage
 g - a potion of invisibility


   Skills:
 + Level 7.4 Fighting
 + Level 6.2 Dodging
 + Level 5.9 Stealth
 + Level 6.7 Unarmed Combat


You had 4 spell levels left.
You didn't know any spells.
Your spell library was empty.

Dungeon Overview and Level Annotations

Branches:
Dungeon (1/1)

Altars:
Cheibriados
Dithmenos
Elyvilon
Fedhas
Gozag
Hepliaklqana
Kikubaaqudgha
Makhleb
Nemelex Xobeh
Okawaru
Qazlal
Ru
Sif Muna
Trog
Uskayaw
Vehumet
Wu Jian
Xom
Yredelemnul
Zin
The Shining One
Jiyva
Lugonu


Innate Abilities, Weirdness & Mutations

Your plain brown scales are hard. (AC +5)
You cannot fit into any form of body armour.
You are cold-blooded and may be slowed by cold attacks.


Message History

You hit the wight.
The wight is lightly damaged.
You feel the effects of Trog's Hand fading.
The wight closely misses you.
You closely miss the wight.
The wight is lightly damaged.
The yak bellows!
The yak is no longer blind.
You punch the wight! You tail-slap the wight.
You punch the wight, but do no damage.
The wight is severely damaged.
The wight misses you.
You hit the wight.
You destroy the wight!
Trog accepts your kill.
Your Dodging skill increases to level 6!
You closely miss the yak.
The yak is lightly wounded.
The yak closely misses you.
You punch the yak!
The yak is moderately wounded.
Your skin stops crawling.
You feel less strong-willed.
The gnoll sergeant is no longer blind.
The gnoll sergeant closely misses you. The yak completely misses you.
You punch the yak!
The yak is heavily wounded.
The gnoll sergeant completely misses you.
The yak gores you but does no damage.
You punch the yak!
The yak is almost dead.
The yak gores you.
The gnoll sergeant hits you from afar with a +2 vampiric trident!
* * * LOW HITPOINT WARNING * * *
Your skin crawls.
You feel strong-willed.
The gnoll sergeant hits you from afar with a +2 vampiric trident!
* * * LOW HITPOINT WARNING * * *
The gnoll sergeant draws strength from your wounds!
The yak gores you.
You die...

▓.▓
▓.▓
▓.▓
▓o▓
▓l▓
▓g▓
▓Y▓
▓@▓
▓.▓
▓[▓
▓.▓
▓[▓
▓.▓
▓)▓
▓?▓
▓.▓


You could see a yak, a wyvern, a gnoll sergeant and an orc wizard.

Vanquished Creatures
  A wyvern (D)
  A wight (D)
  A jelly (D)
  A shadow imp (D)
  3 orcs (D)
  A ball python (D)
  3 bats (D)
  A frilled lizard (D)
12 creatures vanquished.

Notes
Turn   | Place    | Note
-------+----------+-------------------------------------------
     0 | D        | fozzywoppz the Draconian Berserker began the quest for the
                  | Orb.
     0 | D        | Reached XP level 1. HP: 19/19 MP: 1/1
    13 | D        | Reached ** piety under Trog
    15 | D        | Reached skill level 1 in Stealth
    26 | D        | Noticed a jelly
    39 | D        | Reached skill level 4 in Fighting
    39 | D        | Reached XP level 2. HP: 27/27 MP: 2/2
    44 | D        | Reached *** piety under Trog
    45 | D        | Reached XP level 3. HP: 8/35 MP: 3/3
    52 | D        | Reached skill level 5 in Fighting
   177 | D        | Found a snail-covered altar of Cheibriados.
   177 | D        | Found a shadowy altar of Dithmenos.
   177 | D        | Found a white marble altar of Elyvilon.
   177 | D        | Found a blossoming altar of Fedhas.
   177 | D        | Found an opulent altar of Gozag.
   178 | D        | Found a hazy altar of Hepliaklqana.
   179 | D        | Found a viscous altar of Jiyva.
   180 | D        | Found an ancient bone altar of Kikubaaqudgha.
   181 | D        | Found a corrupted altar of Lugonu.
   182 | D        | Found a burning altar of Makhleb.
   183 | D        | Found a sparkling altar of Nemelex Xobeh.
   184 | D        | Found an iron altar of Okawaru.
   185 | D        | Found a stormy altar of Qazlal.
   186 | D        | Found a sacrificial altar of Ru.
   187 | D        | Found a shimmering blue altar of Sif Muna.
   188 | D        | Found a bloodstained altar of Trog.
   189 | D        | Found a hide-covered altar of Uskayaw.
   190 | D        | Found a radiant altar of Vehumet.
   191 | D        | Found an ornate altar of the Wu Jian Council.
   192 | D        | Found a shimmering altar of Xom.
   193 | D        | Found a basalt altar of Yredelemnul.
   194 | D        | Found a glowing silver altar of Zin.
   195 | D        | Found a glowing golden altar of the Shining One.
   234 | D        | Noticed a wyvern
   234 | D        | Noticed a gnoll sergeant
   234 | D        | Noticed a yak
   234 | D        | Noticed a wight
   234 | D        | Noticed a wyvern
   243 | D        | Killed a wyvern
   243 | D        | Reached **** piety under Trog
   244 | D        | Reached skill level 7 in Fighting
   244 | D        | Reached skill level 5 in Dodging
   244 | D        | Reached skill level 5 in Stealth
   244 | D        | Reached XP level 4. HP: 22/47 MP: 4/4
   244 | D        | Reached XP level 5. HP: 24/52 MP: 5/5
   252 | D        | HP: 2/52 [gnoll sergeant/+2 vampiric trident (10)]
   252 | D        | Slain by a yak

Illustrated notes

Levels and vault maps discovered:
D:        linesprint [early_d, line_temple, items_1, d_10, items_2, lair_1,
          lair_end, items_3, orc_1, orc_end, items_4, d_15, swamp_1, shoals_1,
          snake_1, spider_1, d_20, vaults_1, items_5, swamp_end, shoals_end,
          snake_end, spider_end, vaults_end, d_27, items_6, zot_1, zot_end,
          crypt_end, forest_end, elf_end, slime_end, tomb_end, abyss_end,
          pan_hell_end]

Skill      XL: |  1  2  3  4  5 |
---------------+----------------+-----
Dodging        | 3 4 5 6 |  6.2
Stealth        | 1 3 5 |  5.9
Fighting       | 4 7 |  7.4
Unarmed Combat | 4 6 |  6.7

Action                     |  1- 3 |  4- 6 || total
---------------------------+-------+-------++-------
  Melee: Unarmed           |    47 |     8 ||    55
         Tailslap          |     4 |     1 ||     5
         Punch             |     3 |     1 ||     4
 Invoke: Trog's Hand       |     1 |     1 ||     2
  Evoke: Wand              |     1 |       ||     1
   Stab: Invisible         |     2 |       ||     2
 Armour: Skin              |    19 |     5 ||    24
  Dodge: Dodged            |    30 |     6 ||    36

Table legend: (Time is in decaauts)
 A = Elapsed time spent in this place.
 B = Non-inter-level travel time spent in this place.
 C = Inter-level travel time spent in this place.
 D = Time resting spent in this place.
 E = Time spent auto-exploring this place.
 F = Levels seen in this place.
 G = Mean time per level.
                   A        B        C        D        E       F      G
               +--------+--------+--------+--------+--------+-----+--------+
         Total |    247 |    247 |      0 |    118 |      0 |   1 |  247.0 |
       Dungeon |    247 |    247 |      0 |    118 |      0 |   1 |  247.0 |
               +--------+--------+--------+--------+--------+-----+--------+

Top non-repeatable levels by time:
       D: 247 daAuts
